 Dungeon Crawl Stone Soup version 0.25.1-2-g60ff931df9 (webtiles) character file.

Game seed: 1882915435874776032

2981 Fallenstar the Cleaver (level 9, -3/81 HPs)
             Began as a Minotaur Fighter on Sept 4, 2020.
             Was an Initiate of Okawaru.
             Slain by an iguana (4 damage)
             ... on level 9 of the Dungeon.
             The game lasted 00:36:39 (7891 turns).

Fallenstar the Cleaver (Minotaur Fighter)           Turns: 7891, Time: 00:36:40

Health: -3/81      AC:  9    Str: 24    XL:     9   Next: 53%
Magic:  8/8        EV: 11    Int:  5    God:    Okawaru [......]
Gold:   518        SH:  0    Dex: 10    Spells: 8/8 levels left

rFire    . . .     SeeInvis .   F - +3 battleaxe
rCold    . . .     Gourm    .   (shield currently unavailable)
rNeg     . . .     Faith    .   b - +0 scale mail
rPois    .         Spirit   .   (helmet restricted)
rElec    .         Reflect  .   g - +0 cloak
rCorr    .         Harm     .   (no gloves)
MR       .....                  (no boots)
Stlth    ..........             (no amulet)
HPRegen  0.23/turn              (no ring)
MPRegen  0.11/turn              (no ring)

@: lethally poisoned (-3 -> -5), berserk cooldown, lightly drained
A: retaliatory headbutt, horns 2
a: Renounce Religion


You were on level 9 of the Dungeon.
You worshipped Okawaru.
Okawaru was noncommittal.
You were not hungry.

You visited 2 branches of the dungeon, and saw 10 of its levels.

You collected 518 gold pieces.

Inventory:

Hand Weapons
 a - a +0 war axe
 o - a +2 dire flail of holy wrath
 q - a +0 great mace
 r - a +0 whip of flaming
 D - a +3 dire flail
 F - a +3 battleaxe (weapon)
Armour
 b - a +0 scale mail (worn)
 c - a +0 kite shield
 g - a +0 cloak (worn)
 k - a +0 leather armour of poison resistance
 p - a +0 leather armour of magic resistance
Jewellery
 e - an uncursed ring of fire
Wands
 u - a wand of polymorph (5)
 y - a wand of digging (4)
 C - a wand of iceblast (4)
 E - a wand of random effects (17)
Scrolls
 d - a scroll of teleportation
 h - a scroll of fear
 j - 3 scrolls of remove curse
 l - a scroll of amnesia
 m - 4 scrolls of identify
 n - 3 scrolls of fog
 s - a scroll of noise {unknown}
 z - a scroll of enchant armour {unknown}
 A - a scroll of immolation {unknown}
Potions
 t - a potion of cancellation
 w - a potion of invisibility
 x - 3 potions of flight
Comestibles
 f - 15 rations


   Skills:
 * Level 8.3(8.0) Fighting
 + Level 9.3(8.9) Axes
 * Level 9.1(8.8) Armour
 + Level 2.5(2.2) Dodging
 - Level 1.0(0.7) Stealth
 + Level 7.0(6.7) Shields


You had 8 spell levels left.
You didn't know any spells.
Your spell library contained the following spells:

 Spells                   Type           Power        Failure   Level  Hunger
 Animate Skeleton         Necr           N/A          75%         1    ##.....
 Apportation              Tloc           #.....       75%         1    ##.....
 Corona                   Hex            #......      75%         1    ##.....
 Freeze                   Ice            #...         75%         1    ##.....
 Infusion                 Chrm           #...         75%         1    ##.....
 Summon Small Mammal      Summ           #...         75%         1    ##.....
 Shroud of Golubria       Chrm/Tloc      #.....       86%         2    ###....
 Song of Slaying          Chrm           #.......     86%         2    ###....
 Frozen Ramparts          Ice            #.....       98%         3    ####...
 Ozocubu's Armour         Chrm/Ice       #.......     98%         3    ####...
 Spectral Weapon          Hex/Chrm       #.......     98%         3    ####...
 Hailstorm                Conj/Ice       #.......     100%        4    #####..
 Summon Ice Beast         Ice/Summ       #.......     100%        4    #####..


Dungeon Overview and Level Annotations

Branches:
Dungeon (9/15)             Temple (1/1) D:7
   Lair: D:8-11         Orc: D:9-12

Altars:
Ashenzari
Cheibriados
Dithmenos
Elyvilon
Fedhas
Gozag
Hepliaklqana
Kikubaaqudgha
Makhleb
Nemelex Xobeh
Okawaru
Qazlal
Ru
Sif Muna
Trog
Uskayaw
Vehumet
Wu Jian
Xom
Yredelemnul
Zin

Shops:
D:6 %

Annotations:
D:8 IHuginn's ghost, novice GrFi


Innate Abilities, Weirdness & Mutations

You reflexively headbutt those who attack you in melee.
You have a pair of horns on your head.


Message History

You slash the bullfrog!
The bullfrog is heavily wounded.
* * * LOW HITPOINT WARNING * * *
You feel sick. The bullfrog closely misses you. You furiously retaliate!
You headbutt the bullfrog.
The bullfrog hits you but does no damage.
You slice the bullfrog!!
You kill the bullfrog!
Okawaru accepts your kill.
* * * LOW HITPOINT WARNING * * *
You feel sick.
An iguana comes into view.
* * * LOW HITPOINT WARNING * * *
You feel sick.
The iguana hisses angrily.
You see here a bullfrog corpse.
You closely miss the iguana.
* * * LOW HITPOINT WARNING * * *
You feel sick. The iguana bites you.
You die...

#... #...
#..# ####
#..##....
#........
##........
#......... .
#.@l#
..:####.†.##
...........+
.......<...#
...........#
..####...###
. #...#
.....
.....[.


You could see an iguana.

Vanquished Creatures
  Pikel (D:5)
  Grinder (D:3)
  Sigmund (D:6)
  Edmund (D:5)
  An ice beast (D:8)
  3 slaves (D:5)
  A sky beast (D:5)
  2 ogres
  4 bullfrogs
  Blork the orc (D:6)
  4 wights (D:8)
  2 crimson imps
  4 howler monkeys
  2 jellies
  A quasit (D:8)
  A hound (D:6)
  5 orc priests
  A gnoll shaman (D:6)
  3 orc wizards
  An iguana (D:6)
  Natasha (D:3)
  7 worker ants
  A worker ant zombie (D:6)
  A mummy (D:5)
  12 gnolls
  12 adders
  A shadow imp (D:7)
  2 oozes
  An adder zombie (D:7)
  An adder skeleton (D:4)
  2 worms (D:2)
  2 dart slugs
  6 leopard geckos
  17 orcs
  A ball python (D:2)
  6 giant cockroaches
  10 goblins
  6 hobgoblins
  3 quokkas
  5 bats
  3 frilled lizards
  8 kobolds
  8 rats
156 creatures vanquished.

Notes
Turn   | Place    | Note
-------+----------+-------------------------------------------
     0 | D:1      | Fallenstar the Minotaur Fighter began the quest for the
                  | Orb.
     0 | D:1      | Reached XP level 1. HP: 19/19 MP: 0/0
    87 | D:1      | Reached XP level 2. HP: 26/27 MP: 1/1
   679 | D:2      | Reached XP level 3. HP: 27/33 MP: 2/2
  1032 | D:2      | Found a sparkling altar of Nemelex Xobeh.
  1090 | D:2      | Found a shadowy altar of Dithmenos.
  1121 | D:2      | Reached XP level 4. HP: 31/40 MP: 3/3
  1700 | D:3      | Found a sparkling altar of Nemelex Xobeh.
  1830 | D:3      | Noticed Grinder
  1834 | D:3      | Paralysed by Grinder for 3 turns
  1853 | D:3      | Killed Grinder
  1853 | D:3      | Reached skill level 5 in Axes
  1853 | D:3      | Reached skill level 5 in Armour
  1853 | D:3      | Reached skill level 1 in Dodging
  1853 | D:3      | Reached skill level 1 in Stealth
  1853 | D:3      | Reached XP level 5. HP: 26/47 MP: 4/4
  1853 | D:3      | Reached XP level 6. HP: 29/53 MP: 5/5
  2149 | D:3      | Noticed Natasha
  2155 | D:3      | Killed Natasha
  2329 | D:3      | Found a bloodstained altar of Trog.
  2733 | D:3      | Found a burning altar of Makhleb.
  2871 | D:4      | Reached skill level 5 in Fighting
  2871 | D:4      | Reached skill level 5 in Shields
  3008 | D:4      | Reached XP level 7. HP: 49/61 MP: 6/6
  3840 | D:5      | Entered Level 5 of the Dungeon
  4050 | D:5      | Noticed Edmund
  4061 | D:5      | Killed Edmund
  4061 | D:5      | Reached XP level 8. HP: 59/70 MP: 7/7
  4152 | D:5      | Noticed Pikel
  4170 | D:5      | Killed Pikel
  4489 | D:5      | Found a snail-covered altar of Cheibriados.
  4517 | D:5      | Found a basalt altar of Yredelemnul.
  4811 | D:6      | Noticed Sigmund
  5068 | D:6      | Noticed Blork the orc
  5078 | D:6      | Killed Blork the orc
  5316 | D:6      | Reached XP level 9. HP: 69/79 MP: 8/8
  5338 | D:6      | Killed Sigmund
  5731 | D:6      | Found a shimmering altar of Xom.
  5732 | D:6      | Found a hazy altar of Hepliaklqana.
  5733 | D:6      | Noticed a spectral ugly thing
  5905 | D:6      | Found Iromm's Food Shop.
  6148 | D:7      | Found a staircase to the Ecumenical Temple.
  6157 | Temple   | Entered the Ecumenical Temple
  6391 | Temple   | Became a worshipper of Warmaster Okawaru
  6542 | D:7      | Found a blossoming altar of Fedhas.
  7537 | D:8      | Found a white marble altar of Elyvilon.
  7842 | D:8      | Found a runed translucent door.
  7842 | D:8      | Noticed IHuginn's ghost (novice GrFi)
  7886 | D:9      | HP: 4/81 [poisoned by IHuginn's ghost]
  7891 | D:9      | HP: 1/81 [poisoned by IHuginn's ghost]
  7891 | D:9      | Slain by an iguana

Illustrated notes

Levels and vault maps discovered:
D:1:      lemuel_arrival_river_ford, layout_rooms, roderic_serpentine_path
D:2:      layout_basic, nicolae_dithmenos_through_a_glass_darkly,
          old_standard_altar
D:3:      layout_loops_ring, nicolae_overflow_crystal_walls,
          lemuel_doored_altar, nemelex_xobeh_ov_fountains_minmay, uniq_natasha,
          uniq_grinder
D:4:      layout_loops_ring
D:5:      layout_loops_ring, overflow_temple_1_default, slow_altar_1,
          first_ration, minmay_misc_feat_diagonals, dk_rats_in_the_wall,
          uniq_pikel, uniq_edmund
D:6:      layout_loops_ring, regret_index_temple_of_mockery, serial_shops,
          kennysheep_little_box, uniq_blork_the_orc, uniq_sigmund
D:7:      layout_gridville, kennysheep_mini_moat,
          minmay_temple_entry_sparse_star
D:8:      layout_rooms, gammafunk_ghost_grave, minmay_misc_feat_tiny,
          elyvilon_altar_1
D:9:      layout_gridville, overflow_temple_1_default,
          hangedman_pestilent_swarm, minivault_28
Temple:   minmay_temple_bridge_abc

Skill      XL: |  1  2  3  4  5  6  7  8  9 |
---------------+----------------------------+-----
Fighting       | 4 5 6 7 8 |  8.3
Armour         | 4 5 6 8 9 |  9.1
Shields        | 4 5 6 7 |  7.0
Axes           | 3 5 6 8 9 |  9.3
Dodging        | 1 2 |  2.5
Stealth        | 1 |  1.0

Action                   |  1- 3 |  4- 6 |  7- 9 || total
-------------------------+-------+-------+-------++-------
Melee: War axe           |    72 |   100 |   299 ||   471
       Headbutt          |    10 |    18 |    77 ||   105
       Battleaxe         |       |       |    15 ||    15
  Use: Potion            |       |     6 |    10 ||    16
       Scroll            |       |     4 |     5 ||     9
  Eat: Chunk             |     1 |     2 |     4 ||     7
       Ration            |       |     1 |     4 ||     5
Armor: Scale mail        |    35 |    30 |   106 ||   171
Dodge: Dodged            |    31 |    31 |    82 ||   144
Block: Kite shield       |    52 |    53 |   145 ||   250
